[Event "*** SCC Grand Prix: Titled Tuesday Blitz"]
[Site "Chess.com"]
[Date "2020.07.14"]
[Round "6"]
[White "zmeeed67"]
[Black "Tash_Boy"]
[Result "0-1"]
[WhiteElo "2427"]
[BlackElo "2666"]
[TimeControl "180+1"]
[EndTime "11:06:38 PDT"]
[Termination "Tash_Boy won on time"]

1. d4 Nf6 2. c4 g6 3. Nc3 Bg7 4. Nf3 d6 5. Bg5 O-O 6. e3 h6 7.
Bh4 c6 8. h3 Nbd7 9. Be2 e5 10.
O-O Qe7 11. b4 Re8 12. a4 a5 13. b5 Nf8 14. Rb1 g5 15. Bg3 Ng6 16. bxc6 bxc6 17. c5 dxc5 18. dxe5 Nd7 19. Ne4 Ndxe5 20. Nxe5 Nxe5 21. Nd6 Rd8 22. Nxc8 Raxc8 23. Qc2 Rd5 24.
Rb6 Rcd8 25. Bxe5 Qxe5 26. Bf3 Rd2 27. Qb3 Rb2 28. Qxb2 Qxb2 29. Rxb2 Bxb2 30. Rb1 Rd2 31. Rd1 Rc2 32. Rd8+ Kg7 33. Ra8 c4 34. Rxa5 c3 35. Be4 Rc1+ 36. Kh2 Ba3 0-1

[Event "*** SCC Grand Prix: Titled Tuesday Blitz"]
[Site "Chess.com"]
[Date "2020.07.14"]
[Round "6"]
[White "SargissyanSargis"]
[Black "Gerodot71"]
[Result "1-0"]
[WhiteElo "2312"]
[BlackElo "2422"]
[TimeControl "180+1"]
[EndTime "11:06:38 PDT"]
[Termination "SargissyanSargis won by resignation"]

1. e4 e5 2. Nf3 Nc6 3. Bb5 a6 4. Ba4 Nf6 5. O-O Be7 6. d3 b5 7. Bb3 O-O 8. c3 d6 9. Nbd2 Nb8 10. Re1 Nbd7 11. Nf1 Bb7 12. Ng3 Nc5 13. Bc2 Re8 14. d4 Ncd7 15. Nf5 Bf8 16. d5 h6 17. h3 Kh7 18. g4 g6 19. Ng3 Bg7 20. Be3 Qe7 21. Qd2 Rad8 22. Rad1 Nb8 23. g5 hxg5 24. Nxg5+ Kg8 25. h4 c6 26. h5 cxd5 27. hxg6 fxg6 28. exd5 Bc8 29. Bxg6 Rf8 30. Nf5 Bxf5 31. Bxf5 Bh6 32. Ne6 Bxe3 33. Qxe3 Rf7 34. Qg5+ Kh8 35. Qh4+ Kg8 36.
Re3 Ne4 37. Qxe7 1-0

[Event "*** SCC Grand Prix: Titled Tuesday Blitz"]
[Site "Chess.com"]
[Date "2020.07.14"]
[Round "6"]
[White "AsaHoffmann"]
[Black "Alexsur1981"]
[Result "1-0"]
[WhiteElo "2408"]
[BlackElo "2515"]
[TimeControl "180+1"]
[EndTime "11:06:39 PDT"]
[Termination "AsaHoffmann won by checkmate"]

1. d4 a6 2. e4 b5 3. Bd3 Bb7 4. Qe2 e6 5. Nd2 Nf6 6. Ngf3 Be7 7. c3 d5 8. e5 Nfd7 9. Nf1 c5 10. Ng3 c4 11. Bc2 Nc6 12. h4 a5 13. Ng5 g6 14.
Qf3 O-O 15. Nxh7 Ndxe5 16. dxe5 Nxe5 17. Qe2 Nd3+ 18. Bxd3 cxd3 19. Qxd3 Kxh7 20. h5 f5 21. hxg6+ Kxg6 22. Rh6+ Kg7 23. Rxe6 Bc8 24. Bh6+ Kf7 25. Qxf5+ Bf6 26. Qxf6+ Qxf6 27. Rxf6+ Kxf6 28. Bxf8 d4 29. cxd4 Bb7 30. Bd6 Bxg2 31. Kd2 Ke6 32. Be5 Rf8 33. f4 Bd5 34. f5+ Kd7 35. Rc1 Bc6 36. Ke3 Rg8 37. Kf4 b4 38. Rc5 Ra8 39. d5 Ba4 40. b3 Bxb3 41. axb3 a4 42. bxa4 Rxa4 43. Rc7+ Kd8 44. Rb7 b3+ 45. Ne4 Kc8 46. Rxb3 Ra2 47. f6 Kd7 48. f7 Ke7 49. Rb7+ Kf8 50. Bd6+ Kg7 51. f8=Q+ Kg6 52. Rg7+ Kh5 53. Qh8# 1-0

[Event "*** SCC Grand Prix: Titled Tuesday Blitz"]
[Site "Chess.com"]
[Date "2020.07.14"]
[Round "6"]
[White "pfalcon1949"]
[Black "Gandrade2"]
[Result "0-1"]
[WhiteElo "2058"]
[BlackElo "2117"]
[TimeControl "180+1"]
[EndTime "11:06:39 PDT"]
[Termination "Gandrade2 won by checkmate"]

1. d4 Nf6 2. c4 g6 3. Nc3 Bg7 4. e4 d6 5. Nge2 O-O 6. Ng3 c5 7. Be2 cxd4 8. Qxd4 Nc6 9. Qd1 Nd7 10. O-O a6 11. Be3 Qc7 12. Rc1 Nc5 13. Nd5 Qd8 14.
b3 Be6 15. Qd2 Bxd5 16. exd5 Ne5 17. f4 Ned7 18. f5 a5 19. Bh6 Nf6 20. Bxg7 Kxg7 21. Qd4 Qb6 22. Kh1 Nd7 23. Qh4 a4 24. fxg6 hxg6 25.
Qg5 Rh8 26. Nf5+ Kf8 27. Ng3 axb3 28. axb3 Ra2 29. Rc3 Qd4 30. Rcf3 Ra1 31. h3 Rxf1+ 32. Rxf1 Qe5 33. b4 Qxg5 34. c5 dxc5 35. bxc5 Qxd5 36.
Bf3 Qxc5 37. Rd1 Ne5 38. Rf1 Nxf3 39. Rxf3 Qc1+ 40. Kh2 Qc7 41. Kg1 Nh5 42. Kf2 Nxg3 43. Rxg3 Qxg3+ 44. Kxg3 Kg7 45. Kf3 Rd8 46. Ke4 Kf6 47.
Kf4 b5 48. Ke3 b4 49. g4 b3 50. Kf4 b2 51. g5+ Kg7 52. Kg4 b1=Q 53. h4 Qf5+ 54. Kg3 Rd3+ 55. Kg2 Qg4+ 56. Kf2 Qf3+ 57. Kg1 Rd1+ 58.
Kh2 Rh1# 0-1

[Event "*** SCC Grand Prix: Titled Tuesday Blitz"]
[Site "Chess.com"]
[Date "2020.07.14"]
[Round "6"]
[White "xberli"]
[Black "2nd_life"]
[Result "1-0"]
[WhiteElo "2316"]
[BlackElo "2463"]
[TimeControl "180+1"]
[EndTime "11:06:41 PDT"]
[Termination "xberli won on time"]

1. e4 e5 2. Nf3 Nc6 3. Bb5 a6 4.
Ba4 Nf6 5. O-O Be7 6. d3 b5 7. Bb3 d6 8. Bd2 O-O 9. Re1 Bg4 10. c3 Na5 11. Bc2 c5 12. h3 Bh5 13. Qe2 Re8 14. a4 Qc7 15. Na3 Reb8 16. Rab1 b4 17. cxb4 cxb4 18. Nc4 Nc6 19. Be3 b3 20. Bd1 d5 21.
exd5 Nxd5 22. Rc1 Bb4 23. Rf1 f6 24. Bxb3 Bf7 25. Ba2 Nxe3 26. Qxe3 Bf8 27. Rfd1 Qd8 28. Kh2 Nb4 29. Bb1 Nd5 30. Qe1 Bc5 31. g3 Nb4 32. Ncxe5 1-0

[Event "*** SCC Grand Prix: Titled Tuesday Blitz"]
[Site "Chess.com"]
[Date "2020.07.14"]
[Round "6"]
[White "silverback96"]
[Black "Batsai"]
[Result "1-0"]
[WhiteElo "2244"]
[BlackElo "2379"]
[TimeControl "180+1"]
[EndTime "11:06:41 PDT"]
[Termination "silverback96 won on time"]

1. e4 c6 2. Nf3 d5 3. exd5 cxd5 4.
Ne5 Nc6 5. d4 Nf6 6. c3 g6 7.
Bd3 Bg7 8. O-O O-O 9. Bg5 Nxe5 10. dxe5 Nd7 11. f4 Qb6+ 12. Kh1 Qxb2 13. Bxe7 Qxa1 14.
Qc2 Re8 15. Bd6 Nb6 16. Nd2 Qxf1+ 17. Nxf1 Bf5 18. Bxf5 gxf5 19. Qxf5 Nc4 20. Bc5 b5 21.
Ng3 a5 22. Nh5 Re6 23. h4 b4 24. cxb4 axb4 25. Nxg7 Kxg7 26. h5 h6 27. Bd4 Rxa2 28. Qg4+ Kh7 29. f5 Nxe5 30. Qg3 Re8 31. Bxe5 Rg8 32. Qb3 Raxg2 33. Qxd5 Rg1+ 34. Kh2 R1g2+ 35. Kh3 R2g7 36. Bxg7 Kxg7 37. Qd4+ Kh7 38. Qxb4 Rg5 39. Qf8 1-0

[Event "*** SCC Grand Prix: Titled Tuesday Blitz"]
[Site "Chess.com"]
[Date "2020.07.14"]
[Round "6"]
[White "Tashik"]
[Black "Efremov_Vlad"]
[Result "1-0"]
[WhiteElo "2405"]
[BlackElo "2231"]
[TimeControl "180+1"]
[EndTime "11:06:41 PDT"]
[Termination "Tashik won by resignation"]

1. c4 e6 2. Nc3 d5 3. d4 Bb4 4. a3 Bxc3+ 5. bxc3 Nf6 6. e3 c5 7. cxd5 exd5 8. Bd3 O-O 9. Ne2 b6 10. O-O Ba6 11. Bxa6 Nxa6 12. f3 Re8 13. Ng3 Nc7 14. a4 Qd7 15. Qd3 Qc6 16. Ba3 c4 17. Qd2 a6 18. Qf2 Qd7 19. Rfe1 Qc6 20. Nf5 Qe6 21. Nxg7 Kxg7 22. Qg3+ Kh8 23. Qxc7 Rg8 24. Kh1 Nh5 25.
Qe5+ Qxe5 26. dxe5 Rae8 27. Bd6 Re6 28. Rab1 f6 29. f4 fxe5 30. Bxe5+ Ng7 31. Red1 Rd8 32.
Rd4 Rc6 33. Rbd1 Rc5 34. f5 Kg8 35. Rg4 Rd7 36. f6 Rf7 37. Rxg7+ 1-0

[Event "*** SCC Grand Prix: Titled Tuesday Blitz"]
[Site "Chess.com"]
[Date "2020.07.14"]
[Round "6"]
[White "Batica1984"]
[Black "Matibar"]
[Result "1-0"]
[WhiteElo "2875"]
[BlackElo "2681"]
[TimeControl "180+1"]
[EndTime "11:06:42 PDT"]
[Termination "Batica1984 won by resignation"]

1. e4 d5 2. exd5 Qxd5 3. Nf3 Bg4 4. Be2 Nc6 5. d4 O-O-O 6. c4 Qd7 7. d5 Bxf3 8. Bxf3 Ne5 9. Be2 e6 10. Nc3 Nf6 11. Bg5 Bb4 12. O-O Bxc3 13. bxc3 exd5 14.
cxd5 Qxd5 15. Qa4 a6 16. Rab1 Qc6 17. Qa5 Rd5 18. Qb4 Rhd8 19. Be3 a5 20. Qh4 b6 21.
c4 Rd2 22. Bxd2 Rxd2 23. Rfe1 Qc5 24. Qg3 Ne4 25. Qf4 Rd4 26. Rb5 Nc3 27. Qf5+ Nd7 28. Rxc5 Nxe2+ 29. Kf1 bxc5 30. Rxe2 1-0

[Event "*** SCC Grand Prix: Titled Tuesday Blitz"]
[Site "Chess.com"]
[Date "2020.07.14"]
[Round "6"]
[White "Fischerev7"]
[Black "binbin239"]
[Result "0-1"]
[WhiteElo "2365"]
[BlackElo "2537"]
[TimeControl "180+1"]
[EndTime "11:06:42 PDT"]
[Termination "binbin239 won on time"]

1. e4 c5 2. Nf3 Nc6 3. d4 cxd4 4. Nxd4 g6 5. c4 Nf6 6. Nc3 d6 7. Be2 Nxd4 8. Qxd4 Bg7 9. Be3 O-O 10. Qd3 Be6 11.
O-O Qa5 12. a3 Rfc8 13. b4 Qc7 14. Nd5 Qd8 15. Rac1 Nd7 16. f4 Nb6 17. Bd4 Nxd5 18. cxd5 Bd7 19. Bxg7 Kxg7 20. Qd4+ f6 21. e5 dxe5 22.
fxe5 Qb6 23. Rc5 a5 24. d6 exd6 25. exf6+ Kf8 26. f7 dxc5 27. Qh8+ Ke7 28. Qg7 cxb4+ 29. Kh1 Rf8 30. Bc4 Qd6 31. Re1+ Kd8 32. h3 bxa3 33. Re3 Kc7 34. Rd3 Qc5 35. Qc3 Bc6 0-1

[Event "*** SCC Grand Prix: Titled Tuesday Blitz"]
[Site "Chess.com"]
[Date "2020.07.14"]
[Round "6"]
[White "Irishchessman16"]
[Black "MisiekZielony"]
[Result "1-0"]
[WhiteElo "2389"]
[BlackElo "2216"]
[TimeControl "180+1"]
[EndTime "11:06:42 PDT"]
[Termination "Irishchessman16 won on time"]

1. e4 Nf6 2. e5 Nd5 3. d4 d6 4.
Nf3 Bg4 5. h3 Bxf3 6. Qxf3 e6 7.
c4 Nb4 8. Qxb7 Nc2+ 9. Kd1 Nxa1 10. Qxa8 dxe5 11. d5 Bc5 12. Be3 Bxe3 13. fxe3 O-O 14. Kd2 c6 15. Qxa7 exd5 16. c5 d4 17. Bd3 Qg5 18.
Re1 e4 19. Bxe4 dxe3+ 20. Rxe3 Rd8+ 21. Ke2 Nd7 22. Nc3 Nxc5 23. Bxc6 Ne6 24. Nd5 Nd4+ 25. Qxd4 Nc2 26. Qe4 Nxe3 27. Nxe3 Qa5 28. Nc4 1-0

[Event "*** SCC Grand Prix: Titled Tuesday Blitz"]
[Site "Chess.com"]
[Date "2020.07.14"]
[Round "6"]
[White "nrvisakh"]
[Black "FMJoseHerrera"]
[Result "1-0"]
[WhiteElo "2781"]
[BlackElo "2490"]
[TimeControl "180+1"]
[EndTime "11:06:44 PDT"]
[Termination "nrvisakh won by resignation"]

1. e4 c5 2. Nf3 e6 3. d4 cxd4 4. Nxd4 a6 5. Bd3 Qc7 6. O-O b6 7. c4 Bb7 8. Nc3 d6 9. Qe2 Nd7 10. f4 Ngf6 11. Be3 Be7 12. f5 e5 13. Nf3 Nc5 14.
Bg5 Rc8 15. b3 b5 16. Nd2 b4 17. Bxf6 bxc3 18. Bxe7 cxd2 19. Bg5 h5 20. Bxd2 h4 21.
h3 Nd7 22. Kh2 Nf6 23. Bg5 Nh5 24. Bxh4 Nf4 25. Rxf4 exf4 26. Bf2 Kf8 27. Qg4 Qe7 28. Bd4 f6 29. Qxf4 Re8 30. Re1 Rh5 31. g4 Rh6 32.
Kg3 d5 33. cxd5 Bxd5 34. Rc1 Qb7 35. exd5 Qxd5 36. Bc5+ Re7 37. Bxe7+ Kxe7 38. Qc7+ Kf8 39. Qc8+ Ke7 1-0

[Event "*** SCC Grand Prix: Titled Tuesday Blitz"]
[Site "Chess.com"]
[Date "2020.07.14"]
[Round "6"]
[White "Korona_91"]
[Black "TheCount"]
[Result "0-1"]
[WhiteElo "2490"]
[BlackElo "2708"]
[TimeControl "180+1"]
[EndTime "11:06:44 PDT"]
[Termination "TheCount won by resignation"]

1. e4 c5 2. Nf3 Nc6 3. Bb5 g6 4.
Bxc6 dxc6 5. O-O Bg7 6. h3 Nf6 7. d3 O-O 8. Nc3 Nd7 9. Nh2 e5 10. f4 exf4 11. Bxf4 Ne5 12. Nf3 Qe7 13. Qd2 Nxf3+ 14.
Rxf3 Be6 15. Raf1 Rad8 16. Bg5 f6 17. Bh6 c4 18. Bxg7 Kxg7 19. Qf2 cxd3 20. cxd3 c5 21. Qe3 Qd6 22. Kh1 b6 23. Qf2 Qe5 24. a4 Rd4 25. Qc2 Rb4 26. Qf2 a5 27. Re1 Bb3 28.
Ra1 Rd4 29. h4 Rfd8 30. Rf1 R4d6 31. Nb5 Rxd3 32. Rxf6 Rd2 33. Qe3 Bc4 34. R1f4 R8d3 35. Nd6 Rxe3 36. Rf7+ Bxf7 37. Rxf7+ Kh6 0-1

[Event "*** SCC Grand Prix: Titled Tuesday Blitz"]
[Site "Chess.com"]
[Date "2020.07.14"]
[Round "6"]
[White "Fighter008"]
[Black "Sjakkerntobi"]
[Result "0-1"]
[WhiteElo "2522"]
[BlackElo "2381"]
[TimeControl "180+1"]
[EndTime "11:06:44 PDT"]
[Termination "Sjakkerntobi won by checkmate"]

1. e4 e6 2. d4 d5 3. Bd3 c5 4.
exd5 exd5 5. Nf3 Nf6 6. O-O c4 7. Be2 Bd6 8. b3 cxb3 9. axb3 O-O 10. c4 Nc6 11. Nc3 h6 12. h3 Bf5 13. Be3 Nb4 14. Rc1 Rc8 15. Nb5 Bb8 16. Ne5 a6 17.
Nc3 Ne4 18. Nxe4 Bxe4 19. Bg4 Rc7 20. Qd2 Re7 21. Qxb4 f6 22. Nf3 f5 23. Bh5 f4 24.
Bd2 g6 25. Bxg6 Bxg6 26. cxd5 Be4 27. Ne5 f3 28. gxf3 Rg7+ 29. Kh2 Rxf3 30. Rce1 Qh4 31. Rxe4 Qxh3# 0-1

[Event "*** SCC Grand Prix: Titled Tuesday Blitz"]
[Site "Chess.com"]
[Date "2020.07.14"]
[Round "6"]
[White "vesalhamedinia"]
[Black "mjray79"]
[Result "0-1"]
[WhiteElo "2209"]
[BlackElo "2341"]
[TimeControl "180+1"]
[EndTime "11:06:44 PDT"]
[Termination "mjray79 won by resignation"]

1. d4 Nf6 2. c4 g6 3. Nc3 Bg7 4.
h3 d6 5. e4 e5 6. d5 O-O 7.
Be3 a5 8. a3 Na6 9. Bd3 Qe8 10.
Nf3 Nd7 11. Nd2 f5 12. f3 g5 13. Bxg5 Qg6 14. h4 f4 15. Qe2 h6 16. Be7 Re8 17. h5 Qg3+ 18. Kd1 Rxe7 19. Nf1 Qg5 20. Nb5 Nf6 21. b4 Nxh5 22. Qf2 Ng3 23. Rg1 Bd7 24. Nc3 Rf8 25. Rb1 Nxf1 26. Qxf1 axb4 27. axb4 c6 28.
c5 dxc5 29. Bxa6 bxa6 30. Qxa6 cxb4 31. Rxb4 cxd5 32. Nxd5 Ref7 33. Qd6 Bh3 34. Ke2 Bxg2 35. Rbb1 Qg3 36. Qa3 Rc8 37. Qd3 Bxf3+ 38. Qxf3 Rc2+ 0-1

[Event "*** SCC Grand Prix: Titled Tuesday Blitz"]
[Site "Chess.com"]
[Date "2020.07.14"]
[Round "6"]
[White "KNCP_719"]
[Black "FedaMaster"]
[Result "0-1"]
[WhiteElo "2518"]
[BlackElo "2378"]
[TimeControl "180+1"]
[EndTime "11:06:45 PDT"]
[Termination "FedaMaster won by resignation"]

1. e4 d5 2. exd5 Qxd5 3. Nc3 Qd6 4. d4 Nf6 5. Nf3 Bg4 6. h3 Bh5 7. g4 Bg6 8. Ne5 Nbd7 9. Bf4 Nxe5 10. Bxe5 Qd7 11. Qe2 e6 12. Bg2 c6 13. O-O-O Nd5 14. Ne4 f6 15. Bg3 Be7 16. Rhe1 O-O 17. h4 h6 18. Nc5 Bxc5 19. dxc5 Qf7 20. h5 Bh7 21. Qxe6 Nb4 22. Qxf7+ Rxf7 23. a3 Nxc2 24. Re2 Na1 25. Rd3 Bxd3 26. Re3 Bh7 27. Rc3 Re8 28. f4 Re2 29.
Bf1 Rc2+ 30. Rxc2 Nxc2 31. Bc4 Ne3 32. Bxf7+ Kxf7 33. g5 hxg5 34. fxg5 fxg5 0-1

[Event "*** SCC Grand Prix: Titled Tuesday Blitz"]
[Site "Chess.com"]
[Date "2020.07.14"]
[Round "6"]
[White "KonstantinB_1983"]
[Black "freshfoodcompany"]
[Result "0-1"]
[WhiteElo "2407"]
[BlackElo "2262"]
[TimeControl "180+1"]
[EndTime "11:06:46 PDT"]
[Termination "freshfoodcompany won by checkmate"]

1. d4 d5 2. c4 e6 3. Nc3 Be7 4.
e4 Nf6 5. e5 Ne4 6. cxd5 Nxc3 7. bxc3 Qxd5 8. Nf3 O-O 9. Bd3 c5 10. Qc2 h6 11. c4 Qd8 12. dxc5 Bxc5 13. O-O Nc6 14. Rd1 Qe7 15. Be4 Qc7 16. Bf4 b6 17. Qe2 Bb7 18. Rac1 Rad8 19. Bb1 Nd4 20. Nxd4 Bxd4 21.
h4 Qc6 22. Qg4 Kh8 23. Rd3 Qc5 24. Rf1 Bxe5 25. Be3 Qc6 26. Rb3 f5 27. Qh3 Rf6 28. f4 Rg6 29. Rf2 Rd1+ 30. Kh2 Bd4 31. Bc2 Bxe3 32. Rxe3 Rd4 33. Bb3 Rxf4 34. Rd2 Rfg4 35. g3 Qh1# 0-1

[Event "*** SCC Grand Prix: Titled Tuesday Blitz"]
[Site "Chess.com"]
[Date "2020.07.14"]
[Round "6"]
[White "Tonychess32"]
[Black "FairChess_on_YouTube"]
[Result "0-1"]
[WhiteElo "2655"]
[BlackElo "2994"]
[TimeControl "180+1"]
[EndTime "11:06:47 PDT"]
[Termination "FairChess_on_YouTube won on time"]

1. e4 c5 2. Nf3 e6 3. c3 Nf6 4. e5 Nd5 5. d4 cxd4 6. cxd4 b6 7. Bd3 Bb7 8. O-O d6 9. exd6 Bxd6 10.
Nc3 Nd7 11. Bg5 Nxc3 12. bxc3 Qc7 13. Bd2 O-O 14. h3 Bf4 15. Be2 Rac8 16. Rc1 Nf6 17. Re1 Rfd8 18. Be3 Nd5 19. Bxf4 Qxf4 20. Qd3 Qh6 21.
Bf1 Qg6 22. Qxg6 hxg6 23. c4 Nf4 24. Red1 Nxh3+ 25. gxh3 Bxf3 26. Rd3 Be4 27. Rd2 Rc7 28. Re1 Bb7 29. Red1 Kf8 30. Be2 Ke7 31. f4 Ba6 32.
c5 Bxe2 33. Rxe2 Rxc5 34. d5 Rdxd5 35. Rde1 Rd4 0-1

[Event "*** SCC Grand Prix: Titled Tuesday Blitz"]
[Site "Chess.com"]
[Date "2020.07.14"]
[Round "6"]
[White "SaqoChess_Twitch"]
[Black "ENEASZ"]
[Result "0-1"]
[WhiteElo "2433"]
[BlackElo "2579"]
[TimeControl "180+1"]
[EndTime "11:06:47 PDT"]
[Termination "ENEASZ won by resignation"]

1. d4 Nf6 2. c4 e6 3. Nc3 d5 4.
Nf3 a6 5. Bg5 dxc4 6. e4 b5 7.
e5 h6 8. Bh4 g5 9. Nxg5 hxg5 10.
Bxg5 Nbd7 11. exf6 Bb7 12. a4 b4 13. Na2 Nb6 14. a5 Nd5 15. Bxc4 Qd7 16. h4 O-O-O 17. Nc1 Bd6 18. Qe2 Nf4 19. Bxf4 Bxf4 20. Bxa6 Qxd4 21. Bxb7+ Kxb7 22. a6+ Ka7 23. Nb3 Qd5 24. Na5 Qxg2 25. Rh3 Bd2+ 26. Kd1 Qxh3 27. Nc6+ Ka8 28. Qb5 Qf3+ 29.
Kc2 b3+ 30. Qxb3 Qxc6+ 31. Kb1 Rb8 32. Qd3 Rhd8 33. Qf1 Rxb2+ 34. Kxb2 Qc3+ 35. Ka2 Qc2+ 36. Ka3 Rd3+ 37. Qxd3 Qxd3+ 38. Kb2 Bc3+ 0-1

[Event "*** SCC Grand Prix: Titled Tuesday Blitz"]
[Site "Chess.com"]
[Date "2020.07.14"]
[Round "6"]
[White "regular_legs"]
[Black "MF1966Idrisov"]
[Result "1-0"]
[WhiteElo "2525"]
[BlackElo "2332"]
[TimeControl "180+1"]
[EndTime "11:06:47 PDT"]
[Termination "regular_legs won by resignation"]

1. d4 d5 2. c4 c6 3. Nc3 Nf6 4. e3 g6 5. Nf3 Bg7 6. Be2 O-O 7. O-O Bg4 8. cxd5 cxd5 9. Qb3 Bxf3 10. Bxf3 Nc6 11.
Nxd5 Na5 12. Nxf6+ Bxf6 13. Qa4 Rb8 14. Bd2 b6 15. Rac1 e5 16. Bb4 Re8 17. Rfd1 exd4 18.
Bc3 Qe7 19. Bxd4 Bxd4 20. Rxd4 Rec8 21. Rxc8+ Rxc8 22. g3 Qf6 23. Kg2 Kg7 24. Bd5 Nc6 25. Rf4 Qd6 26. Rxf7+ Kh8 27. e4 a5 28. h4 Nb4 29.
Qd1 Qe5 30. Qd2 Rd8 31. Qh6 1-0

[Event "*** SCC Grand Prix: Titled Tuesday Blitz"]
[Site "Chess.com"]
[Date "2020.07.14"]
[Round "6"]
[White "Titus369"]
[Black "WelshTiger"]
[Result "1-0"]
[WhiteElo "2531"]
[BlackElo "2373"]
[TimeControl "180+1"]
[EndTime "11:06:47 PDT"]
[Termination "Titus369 won by checkmate"]

1. e4 c5 2. Nf3 Nc6 3. d4 cxd4 4. Nxd4 Nf6 5. Nc3 d6 6. h3 g6 7. g4 Bg7 8. Be3 O-O 9. Bc4 a6 10. a4 Rb8 11. O-O Bd7 12. f4 Nxd4 13. Bxd4 b5 14.
axb5 axb5 15. Bb3 b4 16. Nd5 Nxd5 17. Bxd5 Bxd4+ 18. Qxd4 Qb6 19. Qxb6 Rxb6 20. Ra7 Rd8 21. Rfa1 Bc6 22. Rxe7 Bxd5 23. exd5 Rc8 24. Raa7 Rf8 25. Rac7 Rb5 26. Kf2 Rxd5 27. Ke3 h5 28. g5 Rd1 29.
Ke2 Rh1 30. f5 gxf5 31. g6 Kg7 32. gxf7 Rxh3 33. Kf2 Rh4 34. Kg3 Re4 35. Red7 Re2 36. Kf4 b3 37. cxb3 Rxb2 38. Rc3 Rb8 39. Rg3+ Kh8 40. Kxf5 Rf2+ 41. Kg6 Rb4 42. Rd8# 1-0

[Event "*** SCC Grand Prix: Titled Tuesday Blitz"]
[Site "Chess.com"]
[Date "2020.07.14"]
[Round "6"]
[White "VladimirBelous"]
[Black "SergeyKarjakin"]
[Result "0-1"]
[WhiteElo "2735"]
[BlackElo "2966"]
[TimeControl "180+1"]
[EndTime "11:06:48 PDT"]
[Termination "SergeyKarjakin won by resignation"]

1. c4 Nf6 2. g3 e6 3. Bg2 d5 4. Nf3 dxc4 5. Qa4+ Nbd7 6. Qxc4 a6 7.
Qb3 Bd6 8. a4 O-O 9. d3 b6 10. Nfd2 Rb8 11. Nc4 Bb7 12. Bxb7 Rxb7 13. O-O Qa8 14. Nc3 Be7 15. Bf4 c5 16. e4 Rd8 17.
Bd6 Bxd6 18. Nxd6 Rbb8 19. f4 Ne8 20. Nxf7 Kxf7 21. f5 Ndf6 22. fxe6+ Ke7 23. e5 Rxd3 24. Qc2 Rbd8 25. exf6+ Nxf6 26. Qe2 Rd2 27. Qf3 Qxf3 28. Rxf3 Rxb2 29. g4 Rdd2 30. g5 Rg2+ 31. Kf1 Ng4 32.
Nd5+ Kd6 0-1

[Event "*** SCC Grand Prix: Titled Tuesday Blitz"]
[Site "Chess.com"]
[Date "2020.07.14"]
[Round "6"]
[White "EvgenyT"]
[Black "Oneofmyturns"]
[Result "1-0"]
[WhiteElo "2914"]
[BlackElo "2703"]
[TimeControl "180+1"]
[EndTime "11:06:50 PDT"]
[Termination "EvgenyT won by resignation"]

1. c4 e6 2. Nc3 d5 3. d4 Be7 4.
cxd5 exd5 5. Bf4 c6 6. e3 Bd6 7. Bxd6 Qxd6 8. Bd3 Ne7 9. Qc2 b6 10. Nge2 Ba6 11. Nf4 Bxd3 12. Nxd3 Nd7 13. O-O O-O 14. Rac1 Rfe8 15. b4 Rac8 16. Qa4 b5 17. Qa6 Qb8 18. a4 bxa4 19. Nxa4 Nb6 20. Ra1 Nc4 21. Nc3 Rc7 22.
Rfb1 Rb7 23. b5 cxb5 24. Rxb5 Rxb5 25. Nxb5 Nf5 26. g3 h6 27. Qc6 Ne7 28. Qd7 Rf8 29.
Nf4 a6 30. Nc3 Ng6 31. Nxg6 fxg6 32. Qxd5+ 1-0

[Event "*** SCC Grand Prix: Titled Tuesday Blitz"]
[Site "Chess.com"]
[Date "2020.07.14"]
[Round "6"]
[White "GMKrikor"]
[Black "Diego_FloresQ"]
[Result "1/2-1/2"]
[WhiteElo "2678"]
[BlackElo "2496"]
[TimeControl "180+1"]
[EndTime "11:06:50 PDT"]
[Termination "Game drawn by repetition"]

1. e4 c5 2. Nf3 e6 3. d4 cxd4 4. Nxd4 Nf6 5. Nc3 d6 6. g4 h6 7. h4 Nc6 8. Rg1 d5 9. exd5 Nxd5 10. Nxd5 exd5 11. Be3 Qxh4 12. Qd2 Bxg4 13. Nxc6 bxc6 14. Qd4 h5 15. Be2 Qf6 16. Qxf6 gxf6 17. f3 Bf5 18. Kd2 Bb4+ 19. c3 Bd6 20. Bd3 Be6 21. f4 Bg4 22. Raf1 a5 23. Bd4 Be7 24. Re1 Kd7 25. b3 Rae8 26. Bb6 Bd6 27. Bxa5 Bxf4+ 28. Kc2 Rxe1 29.
Rxe1 h4 30. Bb6 h3 31. Rh1 Bf3 32. Rxh3 Rxh3 33. Bf5+ Kd6 34. Bxh3 Be4+ 35. Kd1 f5 36. a4 c5 37. Bf1 Be5 38. Kd2 Bf4+ 39. Kd1 Be5 40.
Kd2 Bf4+ 41. Kd1 1/2-1/2

[Event "*** SCC Grand Prix: Titled Tuesday Blitz"]
[Site "Chess.com"]
[Date "2020.07.14"]
[Round "6"]
[White "ElCoachRene"]
[Black "teacher4chess"]
[Result "0-1"]
[WhiteElo "2183"]
[BlackElo "2029"]
[TimeControl "180+1"]
[EndTime "11:06:50 PDT"]
[Termination "teacher4chess won by checkmate"]

1. d4 Nf6 2. Bf4 d5 3. e3 c5 4. c3 Nc6 5. Nd2 Qb6 6. Qb3 c4 7. Qc2 g6 8. h3 Bf5 9. Qc1 Bg7 10. Ngf3 O-O 11. Be2 a5 12. b3 cxb3 13. axb3 Rfc8 14. Qa3 e6 15. O-O Bf8 16. Qa2 Ne4 17. Nxe4 Bxe4 18. Nd2 h6 19. f3 g5 20. fxe4 gxf4 21. Rxf4 Ne7 22. Rc1 dxe4 23. Nxe4 Nd5 24. Nf6+ Nxf6 25. Rxf6 Bg7 26. Rf2 e5 27. b4 axb4 28. Qxf7+ Kh8 29. c4 exd4 30. c5 Rxc5 31. Rxc5 Qxc5 32. Rf5 Qc1+ 33.
Kh2 Qxe3 34. Bf3 Be5+ 35. g3 Qf2+ 36. Bg2 Bxg3+ 37. Kh1 Ra1+ 38. Bf1 Rxf1# 0-1

[Event "*** SCC Grand Prix: Titled Tuesday Blitz"]
[Site "Chess.com"]
[Date "2020.07.14"]
[Round "6"]
[White "SARGISMV"]
[Black "chessplayer9919"]
[Result "0-1"]
[WhiteElo "2479"]
[BlackElo "2650"]
[TimeControl "180+1"]
[EndTime "11:06:54 PDT"]
[Termination "chessplayer9919 won by resignation"]

1. Nf3 d5 2. c4 d4 3. b4 g5 4. Bb2 Bg7 5. e3 e5 6. exd4 exd4 7. d3 g4 8. Nfd2 Ne7 9. Be2 h5 10. Nb3 Ng6 11. O-O Nf4 12. Re1 O-O 13. Bf1 Bf5 14. g3 Ne6 15. N1d2 Nc6 16. a3 Ne5 17. Qc2 Qg5 18. Bxd4 Bg6 19. Be3 Qf5 20. Rad1 Rad8 21. Qa2 Nxd3 22. Bxd3 Qxd3 23. Nc5 Nxc5 24. Bxc5 Rfe8 25.
Nf1 Qxd1 26. Rxd1 Rxd1 27. Be3 Bd3 28. Qb3 Rxf1+ 29. Kg2 Rd8 30. Qxd3 Rxd3 31. Kxf1 Rxa3 0-1

[Event "*** SCC Grand Prix: Titled Tuesday Blitz"]
[Site "Chess.com"]
[Date "2020.07.14"]
[Round "6"]
[White "TokChess"]
[Black "GM_LOADING"]
[Result "0-1"]
[WhiteElo "2437"]
[BlackElo "2581"]
[TimeControl "180+1"]
[EndTime "11:06:54 PDT"]
[Termination "GM_LOADING won by resignation"]

1. e4 e5 2. Nf3 Nc6 3. Bb5 g6 4. c3 a6 5. Ba4 Bg7 6. O-O Nge7 7. Re1 O-O 8. d4 exd4 9. cxd4 d6 10. Bg5 b5 11. Bb3 h6 12. Bf4 Bg4 13. Be3 Bxf3 14.
gxf3 Na5 15. Bc2 Nc4 16. Nc3 c5 17. dxc5 Nxe3 18. Rxe3 dxc5 19. Rb1 c4 20. Nd5 Nc6 21. f4 Rc8 22. Rg3 Qh4 23. Qg4 Qxg4 24. Rxg4 Rfd8 25.
Rg3 Kf8 26. Kf1 Ne7 27. Nxe7 Kxe7 28. b3 Rd2 29. Bd1 c3 30. Rc1 c2 31. Be2 Bb2 0-1

[Event "*** SCC Grand Prix: Titled Tuesday Blitz"]
[Site "Chess.com"]
[Date "2020.07.14"]
[Round "6"]
[White "Jospem"]
[Black "DortmundCity"]
[Result "1-0"]
[WhiteElo "2817"]
[BlackElo "2637"]
[TimeControl "180+1"]
[EndTime "11:06:55 PDT"]
[Termination "Jospem won on time"]

1. e4 c5 2. Nf3 Nc6 3. Nc3 d6 4. d4 cxd4 5. Nxd4 Nf6 6. g3 e5 7. Nde2 Be7 8. Bg2 O-O 9. O-O Be6 10. Nd5 Rc8 11. c4 Nd7 12. Be3 Nc5 13. Qd2 a5 14. b3 h6 15. h4 Re8 16. Rad1 Bf8 17.
Nec3 Bg4 18. Rde1 Ne6 19. Nb5 Ncd4 20. Nxd4 Nxd4 21. Bxd4 exd4 22. Qxd4 Rc5 23. Kh2 b5 24.
cxb5 Rxb5 25. Bh3 Bxh3 26. Kxh3 Qc8+ 27. Kg2 Qc2 28. Rc1 Qxe4+ 29. Qxe4 Rxe4 30. Nc3 Rbb4 31. Nxe4 Rxe4 32. Rfe1 Rd4 33. Rc8 1-0